 Dungeon Crawl Stone Soup version 0.15-a0-1632-gd490d05 (webtiles) character file.

67 Kenran the Insei (level 4, 0/28 HPs)
             Began as a Tengu Monk on June 21, 2014.
             Was a Believer of Okawaru.
             Slain by an orc
             ... wielding a +0 war axe
              (11 damage)
             ... on Level 3 of the Dungeon.
             The game lasted 00:04:20 (1657 turns).

Kenran the Insei (Tengu Monk)                       Turns: 1657, Time: 00:04:20

HP   0/28        AC  3     Str 11      XL: 4   Next: 16%
MP   5/5         EV 14     Int 10      God: Okawaru [**....]
Gold 134         SH  0     Dex 18      Spells:  0 memorised,  3 levels left

rFire  . . .     SeeInvis .       - Unarmed
rCold  . . .     Clarity  .     a - +1 robe
rNeg   . . .     rCorr    .     (no shield)
rPois  .         rRot     .     (helmet restricted)
rElec  .         Spirit   .     (no cloak)
SustAb +         Warding  .     (no gloves)
rMut   .         Stasis   .     (boots unavailable)
Gourm  .                        (no amulet)
MR     .....                    (no ring)
                                e - ring of sustain abilities

@: not resistant to hostile enchantments, unstealthy
A: beak, talons 3
a: Heroism, Renounce Religion


You were on level 3 of the Dungeon.
You worshipped Okawaru.
Okawaru was pleased with you.
You were very hungry.

You visited 1 branch of the dungeon, and saw 3 of its levels.

You collected 134 gold pieces.

Inventory:

Armour
 a - a +1 robe (worn)
Comestibles
 b - 3 bread rations
Scrolls
 f - 2 scrolls of identify
 k - 2 scrolls of blinking
 l - a scroll of fear {unknown}
Jewellery
 e - a ring of sustain abilities (left hand)
 j - an uncursed amulet of rage
 m - an uncursed amulet of clarity {unknown}
Potions
 c - 2 potions of heal wounds {unknown}
 d - 2 potions of flight {unknown}
 g - 2 potions of curing {unknown}
 h - a potion of mutation {unknown}
 i - a potion of lignification {unknown}


   Skills:
 - Level 3.0 Fighting
 - Level 3.2 Dodging
 - Level 2.0 Stealth
 + Level 6.1 Unarmed Combat


You had 3 spell levels left.
You didn't know any spells.

Dungeon Overview and Level Annotations

Branches:
Dungeon (3/15)

Altars:
Okawaru


Innate Abilities, Weirdness & Mutations

You have a beak for a mouth.
You have claws for feet.


Message History

You hit the orc.
You kill the orc!
Okawaru accepts your kill. The orc misses you.
The orc throws a tomahawk.
The tomahawk misses you.
You hit the orc. You claw the orc, but do no damage.
The orc is heavily wounded.
The orc closely misses you.
The orc throws a tomahawk.
The tomahawk hits you.
You hit the orc. You claw the orc.
You kill the orc!
Okawaru accepts your kill.
The orc throws a tomahawk.
The tomahawk hits you.
Items here: % ( ) [ a tomahawk; a mace; a leather armour; an orc corpse The orc hits you with a war axe!
You hit the orc but do no damage. Your kick misses the orc.
You peck the orc, but do no damage. The orc barely misses you.
You hit the orc but do no damage. You peck the orc, but do no damage.
You hit the orc but do no damage. Your kick misses the orc.
The orc hits you with a war axe!
You die...

#..#.#.##.....#
..............###
..######.####...#
###..####.(.#
#........)(.#
#.########()#
#..# #..# #@.#
#o.# #..# #..#
#..# #... #.##
#.# #.#


You could see an orc.

Vanquished Creatures
  An adder (D:2)
  A worm (D:2)
  2 giant geckos (D:2)
  2 oozes (D:2)
  3 orcs (D:3)
  A ball python (D:1)
  9 bats
  4 giant cockroaches
  3 hobgoblins
  2 jackals (D:2)
  A quokka (D:2)
  2 giant newts
  4 goblins (D:2)
  3 kobolds (D:2)
  5 rats (D:2)
43 creatures vanquished.

Notes
Turn   | Place    | Note
--------------------------------------------------------------
     0 | D:1      | Kenran, the Tengu Monk, began the quest for the Orb.
     0 | D:1      | Reached XP level 1. HP: 14/14 MP: 1/1
     0 | D:1      | Noticed an iron imp
     0 | D:1      | Noticed an iron imp
     2 | D:1      | Noticed Mil Gaid the pandemonium lord
     3 | D:1      | Noticed an iron imp
     4 | D:1      | Noticed an Executioner
     6 | D:1      | Noticed a chaos spawn
   128 | D:1      | Reached XP level 2. HP: 13/19 MP: 3/3
   442 | D:2      | Reached skill level 5 in Unarmed Combat
  1016 | D:2      | Reached XP level 3. HP: 21/23 MP: 4/4
  1300 | D:2      | Reached skill level 6 in Unarmed Combat
  1300 | D:2      | Reached XP level 4. HP: 18/28 MP: 5/5
  1570 | D:3      | Found an iron altar of Okawaru.
  1574 | D:3      | Became a worshipper of Warmaster Okawaru
  1574 | D:3      | Acquired Okawaru's first power
  1657 | D:3      | Slain by an orc

Action                   |  1- 3 |  4- 6 || total
-------------------------+-------+-------++-------
Melee: Unarmed           |    92 |    15 ||   107
  Use: Scroll            |     5 |     2 ||     7
 Stab: Sleeping          |     3 |       ||     3
